 Dungeon Crawl Stone Soup version 0.24-a0-769-g368c1644f8 (webtiles) character file.

Game seed: 4866893274212464950, levelgen mode: deterministic

19655 Gynju the Thaumaturge (level 12, -2/66 HPs)
             Began as a Deep Elf Fire Elementalist on Oct 5, 2019.
             Was an Elder of Vehumet.
             Hit by a large rock thrown by a stone giant (52 damage)
             ... on level 2 of the Orcish Mines on Oct 6, 2019.
             The game lasted 01:11:40 (24377 turns).

Gynju the Thaumaturge (Deep Elf Fire Elementalist) Turns: 24377, Time: 01:11:41

Health: -2/66      AC: 10    Str:  9    XL:     12   Next: 38%
Magic:  14/30      EV: 23    Int: 22    God:    Vehumet [****..]
Gold:   819        SH:  0    Dex: 15    Spells: 1/36 levels left

rFire    . . .     SeeInvis .   E - staff of energy
rCold    . . .     Gourm    .   (no shield)
rNeg     + . .     Faith    .   H - +0 troll leather armour
rPois    .         Spirit   .   O - +1 helmet
rElec    .         Reflect  .   g - +0 cloak
rCorr    .         Harm     .   b - +2 pair of gloves
MR       +....                  (no boots)
Stlth    ++........             (no amulet)
HPRegen  0.61/turn              i - ring of positive energy
MPRegen  0.22/turn              k - +4 ring of evasion

@: marked
A: no striking features
a: Renounce Religion


You were on level 2 of the Orcish Mines.
You worshipped Vehumet.
Vehumet was greatly pleased with you.
You were not hungry.

You visited 4 branches of the dungeon, and saw 18 of its levels.

You collected 1002 gold pieces.
You spent 183 gold pieces at shops.

Inventory:

Hand Weapons
 l - a -1 quick blade
Missiles
 h - 505 stones (quivered)
 n - 2 javelins
 q - 27 poisoned darts
 s - 4 silver boomerangs
 J - 15 curare-tipped darts
 R - 5 boomerangs of dispersal
Armour
 b - a +2 pair of gloves (worn)
 g - a +0 cloak (worn)
 H - a +0 troll leather armour (worn)
 O - a +1 helmet (worn)
Magical Staves
 E - an uncursed staff of energy (weapon)
Jewellery
 i - a ring of positive energy (left hand)
 k - a +4 ring of evasion (right hand)
 w - an uncursed ring of protection from fire
 z - an uncursed ring of poison resistance
 F - an uncursed ring of protection from magic
Wands
 j - a wand of acid (17)
 y - a wand of enslavement (10)
 C - a wand of flame (31)
 Q - a wand of polymorph (6)
Scrolls
 a - 2 scrolls of identify {@r1}
 f - 9 scrolls of teleportation
 o - 2 scrolls of blinking
 r - 2 scrolls of magic mapping
 t - 3 scrolls of remove curse {@r2}
 I - 2 scrolls of amnesia
Potions
 d - 2 potions of flight
 e - 3 potions of lignification
 m - 2 potions of agility
 p - 5 potions of curing {@q1}
 u - 7 potions of brilliance
 v - 2 potions of mutation
 x - a potion of resistance
 A - 2 potions of haste
 B - a potion of cancellation
 G - 3 potions of might
 M - a potion of ambrosia
 P - a potion of berserk rage
Miscellaneous
 K - a fan of gales
 L - a sack of spiders
Comestibles
 c - 26 rations
 D - a chunk of flesh


   Skills:
 + Level 4.3 Fighting
 + Level 0.7 Staves
 + Level 11.6 Dodging
 - Level 2.4 Stealth
 + Level 12.5 Spellcasting
 - Level 10.0 Conjurations
 - Level 5.0 Hexes
 - Level 5.0 Translocations
 - Level 10.0 Fire Magic
 - Level 5.0 Poison Magic


You had one spell level left.
You knew the following spells:

 Your Spells              Type           Power        Failure   Level  Hunger
a - Flame Tongue          Conj/Fire      #####        1%          1    None
b - Throw Flame           Conj/Fire      ######       1%          2    None
c - Conjure Flame         Conj/Fire      ######..     1%          3    None
d - Sticky Flame          Conj/Fire      ######..     1%          4    None
e - Dazzling Spray        Conj/Hex       #####.       1%          3    None
f - Fireball              Conj/Fire      ######....   1%          5    None
g - Olgreb's Toxic Radia  Pois           #####...     2%          4    None
h - Iskenderun's Mystic   Conj           ######..     1%          4    None
i - Blink                 Tloc           N/A          1%          2    None
j - Orb of Destruction    Conj           ######....   22%         7    None

Your spell library contained the following spells:

 Spells                   Type           Power        Failure   Level  Hunger
 Apportation              Tloc           #####.       1%          1    None
 Confusing Touch          Hex            #####.       1%          1    None
 Magic Dart               Conj           ####         1%          1    None
 Animate Skeleton         Necr           N/A          7%          1    None
 Summon Small Mammal      Summ           ##..         7%          1    None
 Searing Ray              Conj           ######       1%          2    None
 Inner Flame              Hex/Fire       #####...     1%          3    None
 Force Lance              Conj/Tloc      #####...     1%          4    None
 Fulminant Prism          Conj/Hex       #####.....   1%          4    None
 Gell's Gravitas          Tloc           #####.....   2%          3    None
 Lesser Beckoning         Tloc           #####.....   2%          3    None
 Teleport Other           Tloc           #####...     2%          3    None
 Shroud of Golubria       Chrm/Tloc      ###...       3%          2    None
 Passage of Golubria      Tloc           N/A          9%          4    None


Dungeon Overview and Level Annotations

Branches:
Dungeon (13/15)            Temple (1/1) D:6            Lair (2/6) D:9
    Orc (2/2) D:11
  Swamp: Lair:2-4    Shoals: Lair:2-4     Snake: Lair:2-4    Spider: Lair:2-4
    Elf: Orc:2       Vaults: D:13-14

Altars:
Ashenzari
Cheibriados
Dithmenos
Elyvilon
Fedhas
Gozag
Hepliaklqana
Kikubaaqudgha
Makhleb
Nemelex Xobeh
Okawaru
Qazlal
Ru
Sif Muna
Trog
Uskayaw
Vehumet
Wu Jian
Xom
Yredelemnul
Zin
The Shining One
Beogh

Shops:
D:4 *   D:8 [

Portals:
Trove: D:10 (give 6 scrolls of blinking)

Annotations:
D:12 3 runed translucent doors, exclusion: 3 doors, Tanips's ghost, journeyman MfSk
Lair:1 exclusion: 2 downstairs


Message History

Confirm with . or Enter, or press ? or * to list all spells.
Aiming: Throw Flame (safe; 1% risk of failure)
Press: ? - help, Shift-Dir - straight line, f/p - stone giant
Aim: a stone giant (moderately wounded)
The puff of flame hits the stone giant.
The stone giant is moderately wounded.
The stone giant throws a large rock.
The large rock hits you.
Casting: Throw Flame (safe; 1% risk of failure)
Confirm with . or Enter, or press ? or * to list all spells.
Aiming: Throw Flame (safe; 1% risk of failure)
Press: ? - help, Shift-Dir - straight line, f/p - stone giant
Aim: a stone giant (moderately wounded)
The puff of flame hits the stone giant!
The stone giant is heavily wounded.
An orc warrior comes into view. It is wielding a +0 hand axe.
An orc wizard comes into view. It is wielding a +0 dagger.
An orc warrior comes into view. It is wielding a +0 battleaxe.
The stone giant throws a large rock.
The large rock hits you!!!
Ouch! That really hurt!
You die...

..........$..#.
.....$..........
.....#...$$....#
.$.............###
.................#
#^..............
#...$.(......#..
#..............
#....@.).......
..$)........)[....
...........[...[..
.......#.....)$...
......#.....)....#
.......oC......[..
........o..#######
.....o.oo.#


You could see a stone giant, 2 orc warriors, an orc priest, an orc wizard and an
orc.

Vanquished Creatures
  A hydra (Lair:2)
  A two-headed ogre (D:10)
  Sonja (D:12)
  An ugly thing (D:12)
  A manticore (D:12)
  A cyclops (D:11)
  A black mamba (Lair:1)
  3 spiny frogs (Lair:1)
  A centaur skeleton (D:12)
  2 kobold demonologists
  4 trolls
  A hornet (D:10)
  7 slime creatures (D:12)
  4 hippogriffs
  A redback (Lair:2)
  12 yaks
  A wyvern (D:11)
  A centaur simulacrum (D:10)
  A basilisk (D:11)
  4 vampire mosquitoes (Lair:1)
  3 wargs (D:9)
  2 insubstantial wisps (Lair:1)
  4 water moccasins
  11 orc warriors
  2 phantoms (D:8)
  2 necrophages
  An ice beast (D:6)
  A sky beast (D:10)
  8 ogres
  7 centaurs
  3 crocodiles
  5 big kobolds
  15 bullfrogs
  A wyvern zombie (D:12)
  3 gnoll sergeants
  A scorpion (D:8)
  8 killer bees
  2 electric eels (Lair:1)
  7 howler monkeys
  A crimson imp (D:9)
  A bullfrog zombie (D:7)
  A centaur zombie (D:9)
  2 bullfrog skeletons
  9 hounds
  A quasit (D:8)
  Crazy Yiuf (D:5)
  A gnoll shaman (D:8)
  2 jellies
  19 orc priests
  21 orc wizards
  4 iguanas
  9 worker ants
  A killer bee zombie (D:7)
  2 hound skeletons
  4 worker ant zombies
  9 gnolls
  A river rat (D:4)
  13 adders
  A shadow imp (D:9)
  4 worms
  2 dart slugs
  2 leopard geckos
  77 orcs
  9 giant cockroaches
  5 goblins
  10 hobgoblins
  11 jackals
  3 quokkas
  3 ball pythons
  9 bats
  2 frilled lizards
  34 kobolds
  A quokka skeleton (D:4)
  9 rats
  A fungus (Lair:2)
  A plant (Lair:1)
421 creatures vanquished.

Vanquished Creatures (collateral kills)
  A big kobold (D:8)
  3 kobolds (D:8)
4 creatures vanquished.

Vanquished Creatures (others)
  4 plants
4 creatures vanquished.

Grand Total: 429 creatures vanquished

Notes
Turn   | Place    | Note
-------+----------+-------------------------------------------
     0 | D:1      | Gynju the Deep Elf Fire Elementalist began the quest for
                  | the Orb.
     0 | D:1      | Reached XP level 1. HP: 10/10 MP: 6/6
   225 | D:1      | Reached XP level 2. HP: 15/15 MP: 6/8
   955 | D:2      | Reached XP level 3. HP: 19/19 MP: 7/10
  1406 | D:2      | Found a glowing golden altar of the Shining One.
  1516 | D:2      | Reached XP level 4. HP: 24/24 MP: 7/11
  1519 | D:2      | Reached skill level 4 in Spellcasting
  1756 | D:2      | Noticed a bullfrog
  1762 | D:2      | Killed a bullfrog
  1762 | D:2      | Reached XP level 5. HP: 27/28 MP: 9/13
  2211 | D:3      | Learned a level 2 spell: Throw Flame
  2215 | D:3      | Learned a level 3 spell: Conjure Flame
  2220 | D:3      | Learned a level 4 spell: Sticky Flame
  2394 | D:3      | Found a sacrificial altar of Ru.
  3010 | D:4      | Found a snail-covered altar of Cheibriados.
  3284 | D:4      | Noticed an ogre
  3306 | D:4      | Killed an ogre
  3306 | D:4      | Reached skill level 5 in Spellcasting
  3306 | D:4      | Reached XP level 6. HP: 32/32 MP: 4/15
  3393 | D:4      | Found Tuid's Lightly-Used Armoury.
  3402 | D:4      | Bought a -1 quick blade for 120 gold pieces
  3864 | D:5      | Entered Level 5 of the Dungeon
  4138 | D:5      | Reached skill level 5 in Fire Magic
  4175 | D:5      | Found a shadowy altar of Dithmenos.
  4395 | D:5      | Reached skill level 5 in Dodging
  4395 | D:5      | Reached XP level 7. HP: 4/36 MP: 13/17
  4796 | D:5      | Found a stormy altar of Qazlal.
  5119 | D:5      | Found a runed translucent door.
  5120 | D:5      | Noticed Crazy Yiuf
  5179 | D:5      | Killed Crazy Yiuf
  5643 | D:6      | Learned a level 3 spell: Dazzling Spray
  5672 | D:6      | Reached skill level 1 in Hexes
  5693 | D:6      | Reached skill level 6 in Spellcasting
  6042 | D:6      | Found a hazy altar of Hepliaklqana.
  6339 | D:6      | Reached XP level 8. HP: 41/41 MP: 9/19
  6503 | D:6      | Found a staircase to the Ecumenical Temple.
  6510 | D:6      | Reached skill level 5 in Conjurations
  6516 | Temple   | Entered the Ecumenical Temple
  6762 | Temple   | Became a worshipper of Vehumet
  7186 | D:6      | HP: 2/41 [poisoned by an adder]
  7704 | D:7      | Reached skill level 7 in Spellcasting
  8263 | D:7      | Reached * piety under Vehumet
  8263 | D:7      | Offered knowledge of Sting by Vehumet.
  8384 | D:7      | Found a radiant altar of Vehumet.
  8853 | D:7      | Reached XP level 9. HP: 45/45 MP: 18/22
  9199 | D:7      | Reached skill level 5 in Hexes
  9575 | D:8      | Noticed a troll
  9598 | D:8      | Killed a troll
  9598 | D:8      | Reached skill level 8 in Spellcasting
  9911 | D:8      | Found Bebbomao's Armour Shop.
 10227 | D:8      | Offered knowledge of Shock by Vehumet.
 10230 | D:8      | Reached ** piety under Vehumet
 10858 | D:8      | Reached skill level 9 in Spellcasting
 11722 | D:8      | Learned a level 5 spell: Fireball
 11966 | D:8      | Offered knowledge of Ignite Poison by Vehumet.
 11998 | D:8      | Reached XP level 10. HP: 50/50 MP: 22/25
 12235 | D:8      | Reached *** piety under Vehumet
 12715 | D:9      | Found a shimmering altar of Xom.
 12715 | D:9      | Found a shimmering altar of Xom.
 12716 | D:9      | Found a shimmering altar of Xom.
 12717 | D:9      | Found a shimmering altar of Xom.
 12797 | D:9      | Reached skill level 10 in Spellcasting
 13015 | D:9      | Found a sparkling altar of Nemelex Xobeh.
 13024 | D:9      | Offered knowledge of Olgreb's Toxic Radiance by Vehumet.
 13030 | D:9      | Learned a level 4 spell: Olgreb's Toxic Radiance
 13797 | D:9      | Reached skill level 1 in Poison Magic
 14023 | D:9      | Reached **** piety under Vehumet
 14156 | D:9      | Found a staircase to the Lair.
 15000 | D:10     | Entered Level 10 of the Dungeon
 15034 | D:10     | Noticed a two-headed ogre
 15056 | D:10     | Killed a two-headed ogre
 15056 | D:10     | Offered knowledge of Stone Arrow by Vehumet.
 15390 | D:10     | Reached skill level 10 in Dodging
 15402 | D:10     | Reached XP level 11. HP: 54/54 MP: 17/27
 15516 | D:10     | Found a portal to a secret trove of treasure.
 16268 | Lair:1   | Entered Level 1 of the Lair of Beasts
 16507 | Lair:1   | Reached skill level 11 in Spellcasting
 16931 | Lair:1   | Reached skill level 1 in Fighting
 17225 | Lair:1   | Learned a level 4 spell: Iskenderun's Mystic Blast
 17228 | Lair:1   | Learned a level 2 spell: Blink
 17750 | D:8      | Bought a +0 helmet for 63 gold pieces
 17835 | Lair:1   | Reached skill level 1 in Translocations
 18035 | Lair:2   | Noticed a catoblepas
 18457 | Lair:1   | Reached skill level 10 in Fire Magic
 18694 | Lair:2   | Noticed a four-headed hydra
 18704 | Lair:2   | Killed a four-headed hydra
 18841 | Lair:2   | Noticed a six-headed hydra
 19640 | D:11     | Reached skill level 5 in Poison Magic
 20557 | D:11     | Reached ***** piety under Vehumet
 20884 | D:11     | Found a staircase to the Orcish Mines.
 21229 | D:12     | Noticed Sonja
 21239 | D:12     | Killed Sonja
 21321 | D:12     | Reached skill level 10 in Conjurations
 21367 | D:12     | Reached XP level 12. HP: 64/64 MP: 15/29
 21497 | D:12     | Reached skill level 12 in Spellcasting
 21765 | D:12     | Offered knowledge of Orb of Destruction by Vehumet.
 21774 | D:12     | Learned a level 7 spell: Orb of Destruction
 21936 | D:12     | Found a runed translucent gate.
 21936 | D:12     | Found a runed translucent gate.
 21936 | D:12     | Found a runed translucent gate.
 21937 | D:12     | Found an opulent altar of Gozag.
 22305 | D:12     | Found a sparkling altar of Nemelex Xobeh.
 22998 | D:12     | Noticed Tanips's ghost (journeyman MfSk)
 23000 | D:12     | Noticed a storm dragon
 23400 | D:13     | Reached skill level 5 in Translocations
 23458 | D:13     | Noticed a catoblepas
 23516 | Orc:1    | Entered Level 1 of the Orcish Mines
 23873 | Orc:1    | Found a roughly hewn altar of Beogh.
 23936 | Orc:2    | Entered Level 2 of the Orcish Mines
 24371 | Orc:2    | Noticed a stone giant
 24377 | Orc:2    | Hit by a large rock thrown by a stone giant

Levels and vault maps discovered:
D:1:      psy_arrival_statuary, layout_loops_ring, minmay_pentomino_o2
D:2:      layout_basic, tso_oasis_becter
D:3:      layout_rooms, nicolae_ru_sacrificial_ziggurat
D:4:      layout_gridville, cheibriados_altar_1, portal_sewer_entry_e,
          minmay_shop_damaged
D:5:      layout_gridville, kennysheep_mini_moat, grunt_qazlal_sundering,
          first_ration, uniq_crazy_yiuf_cottage
D:6:      layout_loops_cross, nicolae_overflow_hidden_temple,
          minmay_temple_entry_junction
D:7:      layout_loops_ring, basic_altar
D:8:      kennysheep_housing_project, layout_gridville, serial_shops,
          shop_statue, blue_anna_alchemist [blue_anna_fruit_fields,
          blue_anna_fruit_fields]
D:9:      layout_loops_ring, nemelex_xobeh_ov_fountains_minmay, xom_redecorated,
          erik_lair_orcish_takeover
D:10:     layout_loops_ring, enter_trove_2
D:11:     layout_rooms, hiddenorc2_lemuel
D:12:     layout_stronghold, ebering_ghost_gozag, basic_altar, uniq_sonja
D:13:     layout_cave_pods, uniq_jorgrun
Temple:   minmay_temple_curvy_branch
Lair:1:   layout_small_grid, pond, serial_bayou_shore_a
Lair:2:   layout_loops_ring, swamp_mist_pool, spider_nest_entry_webs,
          grunt_forest_small_clearing_treed, grunt_megastairs_1
Orc:1:    layout_caves, basic_altar, minmay_orc_barracks
Orc:2:    st_orc_elflike, layout_caves, led_sif_book

Skill      XL: |  1  2  3  4  5  6  7  8  9 10 11 12 |
---------------+-------------------------------------+-----
Dodging        | 3 4 5 7 8 10 11 | 11.6
Conjurations   | 2 3 4 6 7 9 10 | 10.0
Spellcasting   | 4 5 6 7 9 10 11 12 | 12.5
Fire Magic     | 4 5 6 8 9 10 | 10.0
Hexes          | 2 4 5 |  5.0
Poison Magic   | 3 5 |  5.0
Fighting       | 3 4 |  4.3
Translocations | 3 5 |  5.0
Staves         | |  0.7
Stealth        | |  2.4

Action                   |  1- 3 |  4- 6 |  7- 9 | 10-12 || total
-------------------------+-------+-------+-------+-------++-------
Melee: Quick blade       |       |    43 |   148 |       ||   191
       Staff             |       |       |       |    15 ||    15
Throw: Stone             |       |     1 |     8 |    20 ||    29
 Cast: Flame Tongue      |    52 |   123 |   402 |   290 ||   867
       Conjure Flame     |       |     1 |    11 |    20 ||    32
       Dazzling Spray    |       |       |    13 |    37 ||    50
       Fireball          |       |       |     4 |    22 ||    26
       Throw Flame       |       |       |     2 |   417 ||   419
       Olgreb's Toxic Ra |       |       |       |     7 ||     7
       Iskenderun's Myst |       |       |       |     5 ||     5
       Blink             |       |       |       |     5 ||     5
  Use: Scroll            |       |     5 |     8 |    15 ||    28
       Potion            |       |     1 |       |     1 ||     2
 Stab: Invisible         |       |       |     1 |     1 ||     2
  Eat: Chunk             |     2 |     8 |    20 |    38 ||    68
       Ration            |       |       |     1 |       ||     1
Armor: Robe              |     3 |     9 |    26 |     8 ||    46
       Skin              |       |    34 |       |       ||    34
       Troll leather arm |       |       |       |    30 ||    30
Dodge: Dodged            |    14 |    55 |   284 |   318 ||   671

Table legend:
 A = Non-vault XP
 B = Vault XP
 C = Vault XP percentage of total XP
 D = Non-vault monster count
 E = Vault monster count
 F = Vault count percentage of total count
                 A         B        C        D         E       F
            +---------+---------+-------+---------+---------+-------
      Total |   23373 |    4706 |  16.8 |     334 |      89 |  21.0
            +---------+---------+-------+---------+---------+-------
        D:1 |      29 |       1 |   3.3 |      18 |       1 |   5.3
        D:2 |     170 |       0 |   0.0 |      15 |       0 |   0.0
        D:3 |      55 |       0 |   0.0 |      19 |       0 |   0.0
        D:4 |     190 |      27 |  12.4 |       7 |       8 |  53.3
        D:5 |     288 |      40 |  12.2 |      18 |       1 |   5.3
        D:6 |     818 |       0 |   0.0 |      30 |       0 |   0.0
        D:7 |    1533 |       0 |   0.0 |      40 |       0 |   0.0
        D:8 |    1988 |    1053 |  34.6 |      41 |      31 |  43.1
        D:9 |    2467 |     622 |  20.1 |      39 |       8 |  17.0
       D:10 |    2261 |      48 |   2.1 |      15 |       3 |  16.7
       D:11 |    1504 |     824 |  35.4 |      10 |      29 |  74.4
       D:12 |    4843 |     814 |  14.4 |      36 |       1 |   2.7
       D:13 |     725 |       0 |   0.0 |       3 |       0 |   0.0
     Lair:1 |    4109 |    1048 |  20.3 |      20 |       6 |  23.1
     Lair:2 |    1515 |     229 |  13.1 |       4 |       1 |  20.0
      Orc:1 |     347 |       0 |   0.0 |       9 |       0 |   0.0
      Orc:2 |     531 |       0 |   0.0 |      10 |       0 |   0.0
            +---------+---------+-------+---------+---------+-------
